 Dungeon Crawl Stone Soup version 0.27-a0-1242-ge70438ac7b (webtiles) character file.

Game seed: 14679112477958088192

306 Kinoniko the Chopper (level 6, -3/75 HPs)
             Began as a Palentonga Berserker on June 9, 2021.
             Was a Believer of Trog.
             Succumbed to a gnoll sergeant's poison
             ... on level 6 of the Dungeon.
             The game lasted 00:03:15 (2256 turns).

Kinoniko the Chopper (Palentonga Berserker)         Turns: 2256, Time: 00:03:16

Health: -3/75      AC:  9    Str: 23    XL:     6   Next: 16%
Magic:  6/6        EV:  6    Int:  7    God:    Trog [**....]
Gold:   81         SH:  0    Dex:  9    Spells: 5/5 levels left

rFire    . . .     SeeInvis +   m - +0 war axe
rCold    . . .     Faith    .   (no shield)
rNeg     . . .     Spirit   .   p - +0 chain mail
rPois    .         Reflect  .   (no helmet)
rElec    .         Harm     .   k - +1 cloak
rCorr    .         Rampage  .   (no gloves)
Will     .....                  (no barding)
Stlth    ..........             (no amulet)
HPRegen  0.22/turn              (no ring)
MPRegen  0.10/turn              (no ring)

@: berserking, lethally poisoned (-3 -> -36), very quick
A: large, rugged brown scales 3, see invisible, deformed body, roll 1, armoured
tail
a: Rolling Charge, Renounce Religion, Berserk, Trog's Hand


You were on level 6 of the Dungeon.
You worshipped Trog.
Trog was pleased with you.
You visited 1 branch of the dungeon, and saw 4 of its levels.

You collected 81 gold pieces.

Inventory:

Hand Weapons
 a - a +0 hand axe
 m - a +0 war axe (weapon)
Armour
 b - a +0 animal skin
 d - a +0 leather armour
 h - a +0 ring mail
 k - a +1 cloak (worn)
 p - a +0 chain mail (worn)
Jewellery
 g - a ring of ice
 n - a ring of magical power
 o - a ring of willpower
Scrolls
 c - a scroll of holy word {unknown}
 e - a scroll of teleportation {unknown}
 f - a scroll of noise {unknown}
 i - a scroll of enchant armour {unknown}
 j - 2 scrolls of magic mapping {unknown}
 l - a scroll of fog {unknown}


   Skills:
 - Level 3.0 Fighting
 * Level 7.0 Axes
 - Level 1.5 Armour
 - Level 1.5 Dodging


You had 5 spell levels left.
You didn't know any spells.
Your spell library was empty.

Dungeon Overview and Level Annotations

Branches:
Dungeon (3/15)

Altars:
Ashenzari
Sif Muna
Trog
Vehumet

Shops:
D:2 =


Innate Abilities, Weirdness & Mutations

You are completely covered in rugged brown scales. (AC +3, +7% HP)
You have supernaturally acute eyesight. (SInv)
Armour fits poorly on your strangely shaped body.
You can roll at nearby foes to attack.
You have a long armoured tail.


Message History

You closely miss the gnoll sergeant.
The gnoll sergeant hits you with a +2 spear of venom.
You are poisoned.
A gnoll comes into view. It is wielding a +0 club.
You hit the gnoll sergeant but do no damage.
You feel very sick.
The gnoll sergeant hits you with a +2 spear of venom.
You are more poisoned.
You hit the gnoll sergeant but do no damage.
You feel very sick.
The gnoll sergeant hits you with a +2 spear of venom.
You are more poisoned.
A red film seems to cover your vision as you go berserk!
You feel yourself moving faster!
You feel mighty!
* * * LOW HITPOINT WARNING * * *
You feel extremely sick.
The gnoll sergeant hits you with a +2 spear of venom.
* * * LOW HITPOINT WARNING * * *
You are more poisoned.
You are too injured to fight recklessly!
You are too injured to fight recklessly!
You are too injured to fight recklessly!
You are too injured to fight recklessly!
You barely miss the gnoll sergeant. You tail-slap the gnoll sergeant!
The gnoll sergeant is heavily wounded.
* * * LOW HITPOINT WARNING * * *
You feel extremely sick.
The gnoll sergeant hits you with a +2 spear of venom.
* * * LOW HITPOINT WARNING * * *
You are more poisoned.
The gnoll sergeant blocks your attack.
The gnoll sergeant is heavily wounded.
* * * LOW HITPOINT WARNING * * *
You feel very sick. The gnoll sergeant barely misses you.
Unknown command.
You barely miss the gnoll sergeant.
The gnoll sergeant is heavily wounded.
You slash the gnoll!
You die...

#.#$....#....#
######.#.....#....#
#......#.$_..#.##.##
#.####.#...$$#......
#.# #.#$...$#.#....
#.# #.#######.#..#.
#.# #...........###
#.#####.#.........#.
#.)@g...#######.....
#.##g##.# #...#. #.#
..# ...### #)# ..#
.....#. #.# ..#
..... #.. ... ..#.#
### .### .#


You could see a gnoll sergeant and a gnoll.

Vanquished Creatures
  An ogre (D:6)
  Jessica (D:3)
  4 gnolls
  7 adders
  A shadow imp (D:6)
  2 worms (D:2)
  A dart slug (D:1)
  9 orcs
  3 ball pythons
  8 endoplasms
  2 giant cockroaches (D:2)
  4 goblins
  4 hobgoblins
  6 jackals
  3 quokkas
  5 bats
  A frilled lizard (D:2)
  3 kobolds
  2 rats
67 creatures vanquished.

Vanquished Creatures (others)
  A goblin (D:3)
1 creature vanquished.

Grand Total: 68 creatures vanquished

Notes
Turn   | Place    | Note
-------+----------+-------------------------------------------
     0 | D:1      | Kinoniko the Palentonga Berserker began the quest for the
                  | Orb.
     0 | D:1      | Reached XP level 1. HP: 19/19 MP: 1/1
   144 | D:1      | Reached XP level 2. HP: 20/25 MP: 2/2
   295 | D:1      | Reached skill level 4 in Axes
   614 | D:1      | Reached ** piety under Trog
   654 | D:1      | Reached XP level 3. HP: 30/31 MP: 3/3
  1067 | D:2      | Found Vifosank's Jewellery Shop.
  1090 | D:2      | Found a faded altar of an unknown god.
  1182 | D:2      | Reached XP level 4. HP: 37/37 MP: 4/4
  1188 | D:2      | Reached skill level 5 in Axes
  1978 | D:3      | Noticed Jessica
  1979 | D:3      | Found a shimmering blue altar of Sif Muna.
  1984 | D:3      | Killed Jessica
  1985 | D:3      | Reached XP level 5. HP: 43/43 MP: 5/5
  2026 | D:3      | Found a bloodstained altar of Trog.
  2033 | D:3      | Reached skill level 6 in Axes
  2139 | D:3      | You fall into a shaft and drop 3 floors!
  2139 | D:6      | Noticed an ogre
  2146 | D:6      | Killed an ogre
  2151 | D:6      | Reached XP level 6. HP: 50/50 MP: 6/6
  2191 | D:6      | Found a radiant altar of Vehumet.
  2203 | D:6      | Found a broken altar of Ashenzari.
  2248 | D:6      | Reached skill level 7 in Axes
  2255 | D:6      | HP: 3/75 [poisoned by a gnoll sergeant]
  2256 | D:6      | Succumbed to a gnoll sergeant's poison

Illustrated notes

Levels and vault maps discovered:
D:1:      heliophobic_arrival_ceremonial_halls, layout_basic
D:2:      layout_basic, serial_shops, shop_fountains,
          hellmonk_ecumenical_altar_arch_garden, serial_glass, glass_columns_b,
          glass_columns_b, corner_web_ring
D:3:      layout_basic, nzn_overflow_gifts_of_might_and_magic,
          lemuel_old_faithful
D:6:      layout_loops_cross, amcnicky_altar_gilded, vehumet_crystals,
          serial_shops, kennysheep_little_box, uniq_menkaure

Skill      XL: |  1  2  3  4  5  6 |
---------------+-------------------+-----
Axes           | 4 5 6 7 |  7.0
Fighting       | |  3.0
Armour         | |  1.5
Dodging        | |  1.5

Action                   |  1- 3 |  4- 6 || total
-------------------------+-------+-------++-------
Melee: Hand axe          |    79 |    11 ||    90
       Tailslap          |     6 |    10 ||    16
       War axe           |       |    79 ||    79
Invok: Berserk           |     5 |     5 ||    10
Armor: Animal skin       |    10 |       ||    10
       Leather armour    |    13 |       ||    13
       Ring mail         |    23 |    24 ||    47
       Chain mail        |       |    11 ||    11
Dodge: Dodged            |    39 |    41 ||    80

Table legend: (Time is in decaauts)
 A = Elapsed time spent in this place.
 B = Non-inter-level travel time spent in this place.
 C = Inter-level travel time spent in this place.
 D = Time resting spent in this place.
 E = Time spent auto-exploring this place.
 F = Levels seen in this place.
 G = Mean time per level.
                   A        B        C        D        E       F      G
               +--------+--------+--------+--------+--------+-----+--------+
         Total |   2365 |   2242 |    123 |    422 |   1377 |   4 |  591.2 |
       Dungeon |   2365 |   2242 |    123 |    422 |   1377 |   4 |  591.2 |
               +--------+--------+--------+--------+--------+-----+--------+

Top non-repeatable levels by time:
     D:1: 1035 daAuts
     D:2: 692 daAuts
     D:3: 510 daAuts
     D:6: 126 daAuts
